 Dungeon Crawl Stone Soup version 0.23-b1-84-g6588a6b (webtiles) character file.

Game seed: 12605438744005036843

1049 DarkinPup the Skirmisher (level 8, -27/96 HPs)
             Began as a Demonspawn Gladiator on Feb 8, 2019.
             Was an Initiate of Okawaru.
             Annihilated by sansundertale's ghost (32 damage)
             ... on level 5 of the Dungeon.
             The game lasted 00:07:40 (4455 turns).

DarkinPup the Skirmisher (Demonspawn Gladiator)     Turns: 4455, Time: 00:07:40

Health: -27/96     AC:  6    Str: 22    XL:     8   Next: 5%
Magic:  8/8        EV: 15    Int:  9    God:    Okawaru [......]
Gold:   342        SH:  0    Dex: 17    Spells: 7/7 levels left

rFire    + . .     SeeInvis .   a - +0 long sword
rCold    + . .     Gourm    .   (no shield)
rNeg     . . .     Faith    .   b - +0 leather armour
rPois    .         Spirit   .   (helmet restricted)
rElec    .         Reflect  .   (no cloak)
rCorr    .         Harm     .   (no gloves)
MR       .....                  (no boots)
Stlth    ..........             (no amulet)
HPRegen  0.26/turn              s - ring of protection from fire
MPRegen  0.11/turn              (no ring)

@: berserking, studying Polearms, very quick
A: hooves 2, horns 1, molten scales 2, cold resistance 1, powered by death 1,
spiny 1, strong 1
a: Renounce Religion


You were on level 5 of the Dungeon.
You worshipped Okawaru.
Okawaru was noncommittal.
You were not hungry.

You visited 2 branches of the dungeon, and saw 6 of its levels.

You collected 342 gold pieces.

Inventory:

Hand Weapons
 a - a +0 long sword (weapon)
Missiles
 d - a throwing net (quivered)
Armour
 b - a +0 leather armour (worn)
 c - a +0 helmet
Jewellery
 s - a ring of protection from fire (left hand)
Wands
 y - a wand of acid (6)
Scrolls
 g - 4 scrolls of teleportation
 j - 2 scrolls of enchant weapon {unknown}
 k - 5 scrolls of enchant armour
 l - a scroll of remove curse {unknown}
 p - a scroll of random uselessness {unknown}
 r - 2 scrolls of immolation {unknown}
 t - a scroll of magic mapping {unknown}
 v - a scroll of amnesia {unknown}
Potions
 h - 2 potions of cancellation
 m - 2 potions of resistance
 o - 3 potions of brilliance
 q - a potion of degeneration
 w - a potion of heal wounds {unknown}
 x - 2 potions of haste
 z - 2 potions of might {unknown}
Books
 u - a manual of Polearms
Comestibles
 f - 10 rations


   Skills:
 + Level 5.7 Fighting
 + Level 5.6 Long Blades
 - Level 1.7 Throwing
 + Level 5.6 Dodging


You had 7 spell levels left.
You didn't know any spells.
Your spell library was empty.

Dungeon Overview and Level Annotations

Branches:
Dungeon (5/15)             Temple (1/1) D:5

Altars:
Ashenzari
Makhleb
Okawaru
Qazlal
Sif Muna
Uskayaw

Shops:
D:4 !

Annotations:
D:5 sansundertale's ghost, novice TrBe


Innate Abilities, Weirdness & Mutations

You have hoof-like feet.
You are mostly covered in molten scales. (AC +3)
You regenerate a little health from kills.
You are partially covered in sharp spines.
You have a pair of small horns on your head.
Your flesh is cold resistant. (rC+)
Your muscles are strong. (Str +2)


Message History

Your headbutt misses sansundertale's ghost.
Sansundertale's ghost is lightly damaged.
You barely miss sansundertale's ghost. You kick sansundertale's ghost.
You headbutt sansundertale's ghost!
Sansundertale's ghost is moderately damaged.
The phantom blinks!
You barely miss sansundertale's ghost. You kick sansundertale's ghost.
Sansundertale's ghost is moderately damaged.
Sansundertale's ghost misses you.
You riposte.
You barely miss sansundertale's ghost. Your kick misses sansundertale's ghost.
Sansundertale's ghost is moderately damaged.
You slice sansundertale's ghost!! Your kick misses sansundertale's ghost.
Sansundertale's ghost is heavily damaged.
Sansundertale's ghost hits you!
* * * LOW HITPOINT WARNING * * *
You barely miss sansundertale's ghost. You kick sansundertale's ghost.
You headbutt sansundertale's ghost.
Sansundertale's ghost is severely damaged.
Sansundertale's ghost hits you!!
You die...

.............................#
#
................#####........#
# ................##
#........# #
......#########..# ###......#
# .....##©......##.# ##.##.##
# .....#8.#...#.8#.# #..#.# #
.....#...#.#...#.########.#.#
#
.....#.........#W...........#
#
##..©#....©...!#@..####....##
# ##..#........)#W.## #....##
# ##.#...#.#...#..# #.....# #
#.#8.#...#.8#..# #.).#.## #
#.##.......##..# #......####
#..#########...#####.........#
##.....................#...#..
#####................##...##.
#####.#.(...........##.....##


You could see a phantom and sansundertale's ghost.

Vanquished Creatures
  A hippogriff (D:3)
  A hungry ghost (D:4)
  An ice beast (D:5)
  A centaur (D:5)
  A crimson imp (D:5)
  A bullfrog zombie (D:5)
  An orc priest (D:4)
  2 hounds (D:5)
  An orc wizard (D:4)
  A centaur skeleton (D:5)
  An iguana (D:5)
  5 worker ants
  A hound skeleton (D:5)
  9 adders
  2 oozes
  4 worms
  4 dart slugs
  2 leopard geckos
  7 orcs
  4 ball pythons
  12 bats
  6 giant cockroaches
  6 goblins
  3 hobgoblins
  4 jackals (D:3)
  3 quokkas
  2 frilled lizards
  12 kobolds
  A leopard gecko zombie (D:5)
  8 rats
107 creatures vanquished.

Notes
Turn   | Place    | Note
-------+----------+-------------------------------------------
     0 | D:1      | DarkinPup the Demonspawn Gladiator began the quest for the
                  | Orb.
     0 | D:1      | Reached XP level 1. HP: 16/16 MP: 1/1
   180 | D:1      | Gained mutation: You are partially covered in sharp spines.
                  | [demonic ancestry]
   180 | D:1      | Reached XP level 2. HP: 22/22 MP: 2/2
   617 | D:1      | Gained mutation: You are partially covered in molten
                  | scales. (AC +2) [demonic ancestry]
   617 | D:1      | Reached XP level 3. HP: 24/28 MP: 3/3
  1517 | D:2      | Gained mutation: You have large cloven feet. [demonic
                  | ancestry]
  1517 | D:2      | Reached XP level 4. HP: 35/35 MP: 4/4
  1567 | D:2      | Found a deep blue altar of Sif Muna.
  2217 | D:3      | Gained mutation: You have hoof-like feet. [demonic
                  | ancestry]
  2217 | D:3      | Reached XP level 5. HP: 41/41 MP: 5/5
  2373 | D:3      | Found a stormy altar of Qazlal.
  2644 | D:4      | Noticed a hungry ghost
  2644 | D:4      | Noticed a hippogriff
  2707 | D:3      | HP: 2/41 [hippogriff (4)]
  2712 | D:3      | Killed a hippogriff
  2712 | D:3      | Gained mutation: You are mostly covered in molten scales.
                  | (AC +3) [demonic ancestry]
  2712 | D:3      | Reached XP level 6. HP: 4/48 MP: 6/6
  3002 | D:4      | Killed a hungry ghost
  3002 | D:4      | Reached XP level 7. HP: 30/55 MP: 7/7
  3112 | D:4      | Found Vemmol's Distillery.
  3544 | D:5      | Entered Level 5 of the Dungeon
  3604 | D:5      | Found a hide-covered altar of Uskayaw.
  3614 | D:5      | Reached skill level 5 in Fighting
  3614 | D:5      | Reached skill level 5 in Long Blades
  3614 | D:5      | Reached skill level 5 in Dodging
  3659 | D:5      | Found a transporter.
  3659 | D:5      | Noticed sansundertale's ghost (novice TrBe)
  3668 | D:5      | Found a transporter.
  3756 | D:5      | Found a staircase to the Ecumenical Temple.
  3976 | Temple   | Entered the Ecumenical Temple
  4018 | Temple   | Became a worshipper of Warmaster Okawaru
  4156 | D:5      | Found a burning altar of Makhleb.
  4180 | D:5      | Gained mutation: You regenerate a little health from kills.
                  | [demonic ancestry]
  4180 | D:5      | Reached XP level 8. HP: 43/64 MP: 8/8
  4413 | D:5      | Gained mutation: You have a pair of small horns on your
                  | head. [potion of mutation]
  4413 | D:5      | Gained mutation: Your flesh is cold resistant. (rC+)
                  | [potion of mutation]
  4413 | D:5      | Gained mutation: Your muscles are strong. (Str +2) [potion
                  | of mutation]
  4455 | D:5      | Annihilated by sansundertale's ghost

Skill      XL: |  1  2  3  4  5  6  7 |
---------------+----------------------+-----
Dodging        | 3 4 5 |  5.6
Long Blades    | 3 4 5 |  5.6
Fighting       | 3 4 5 |  5.7
Throwing       | |  1.7

Action                   |  1- 3 |  4- 6 |  7- 9 || total
-------------------------+-------+-------+-------++-------
Melee: Long sword        |    70 |    81 |    77 ||   228
       Kick              |       |    23 |    35 ||    58
       Headbutt          |       |       |     2 ||     2
Throw: Throwing net      |       |     2 |       ||     2
  Use: Scroll            |       |       |     9 ||     9
       Potion            |       |       |     2 ||     2
 Stab: Sleeping          |     2 |       |     1 ||     3
  Eat: Chunk             |     1 |     6 |     5 ||    12
       Ration            |       |     1 |       ||     1
Armor: Leather armour    |    27 |    20 |    23 ||    70
Dodge: Dodged            |    49 |    50 |    59 ||   158
       Rpst.: Long sword |    19 |    10 |    18 ||    47
